Cogmind - Beta 17 @@@ ROGUE MODE // 2026.07.03 @ 02:56:24 Player: aperiodic Result: Destroyed by H-81 Overseer with Heavy Linear Accelerator Performance ------------- Evolutions (8) 4000 Regions Visited (24) 4800 Robots Destroyed (192) 960 Value Destroyed (7026) 7026 Prototype IDs (142) 2840 Alien Tech Used (0) 0 Bonus (3341) 3341 TOTAL SCORE: 22967 Bonus ------- Follower Combat Kills 1255 Awakened Behemoth Slayer 1000 Network Hubs Disabled 200 Met Data Miner 300 Met Imprinter 300 Built Enhanced Grunts 300 A7 Reached Mainframe 300 Friendly Fire -314 Cogmind --------- Core Integrity 0/1450 Matter 193/300 Energy 99/100 System Corruption 8% Temperature Cool (0) Movement Core (50) Location -2/Research Parts ------- > --- POWER (2) -------- (None) > --- PROPULSION (7) --- (None) > --- UTILITY (11) ----- (None) > --- WEAPON (3) ------- (None) > --- INVENTORY (5) ---- Combat Gravmag System Quantum Capacitor Warp Gun Enhanced Hardcell Cannon Peak State ------------ > --- POWER ------------ Mini Fusion Reactor Improved Quantum Reactor > --- PROPULSION ------- Gyrokinetic Inverter Gyrokinetic Inverter Improved Antigrav System Improved Antigrav System Cooled Antigrav System Antigrav Array > --- UTILITY ---------- Experimental Power Amplifier Advanced Cooling System Large Storage Unit Long-range Sensor Array Advanced Signal Interpreter Experimental ECM Suite Medium Regenerative Plating Improved Hacking Suite System Mapper > --- WEAPON ----------- Disintegrator CR-A16's Behemoth Slayer > --- INVENTORY -------- Combat Gravmag System Improved Antigrav System Improved Antigrav System Advanced Heat Sink Improved Energy Well Experimental Matter Compressor Quantum Capacitor Improved Reaction Control System SHELL Armor Graphene Brace Advanced KE Penetrator Tesla Bomb Launcher [Rating: 172] Favorites ----------- Power Mini Fusion Reactor Engine F-cell Engine Power Core Micro Fission Core Reactor Mini Fusion Reactor Propulsion Improved Linear Gravjet Treads Light Treads Leg Centrium Leg Wheel Armored Huge Wheel Hover Unit Improved Linear Gravjet Flight Unit Improved Surge Thruster Utility Self-contained Transmogrifier Device Self-contained Transmogrifier Storage Large Storage Unit Processor Experimental Signal Interpreter Hackware Improved Hacking Suite Protection Medium Regenerative Plating Weapon Improved Matter Neutralizer Energy Gun Variable Charge Gun Energy Cannon Improved Matter Neutralizer Ballistic Gun Advanced KE Penetrator Ballistic Cannon Hypervelocity Gauss Cannon Launcher Compact Tesla Bomb Launcher Special Weapon Improved Remote Datajack Impact Weapon Powered Hammer Slashing Weapon Molecular Scythe Piercing Weapon CR-A16's Behemoth Slayer Build | -11 -10 -10 -8 -7 -7 -7 -7 -6 -6 -6 -6 -6 -5 -5 -5 -5 -5 -5 -4 -4 -4 -3 -3 -2 ------- Run | Yrd Mat Sub Mat Fac Low Low Dat Pro Fac Low Low Zio Pro Fac Ext Cet Arc Hub Fac Was Fac Res Tes Res Slots Evolved 16 | . . . 4 2 . . . . 2 . . . . 2 . . . . 2 . . 2 . 2 Power 1 | . . . . . . . . . . . . . . 1 . . . . . . . . . . Propulsion 5 | . . . 2 1 . . . . 1 . . . . . . . . . 1 . . . . . Utility 9 | . . . 1 1 . . . . 1 . . . . 1 . . . . 1 . . 2 . 2 Weapon 1 | . . . 1 . . . . . . . . . . . . . . . . . . . . . Parts Attached 183 | 8 8 10 13 6 . 1 . 5 10 6 1 . 5 4 12 11 8 12 4 . 13 10 20 16 Power 18 | 1 1 1 . . . . . . . 1 . . . 1 1 1 . 2 . . 1 2 2 4 Engine 7 | 1 1 1 . . . . . . . 1 . . . 1 . . . 1 . . 1 . . . Core 1 | . . . . . . . . . . . . . . . 1 . . . . . . . . . Reactor 10 | . . . . . . . . . . . . . . . . 1 . 1 . . . 2 2 4 Propulsion 47 | 2 . 4 3 2 . . . 2 4 3 . . 2 . 1 . . 3 . . 3 2 8 8 Treads 7 | 2 . 2 1 . . . . 1 1 . . . . . . . . . . . . . . . Leg 11 | . . . . . . . . . 3 1 . . . . . . . . . . . . . 7 Wheel 3 | . . 2 . . . . . . . 1 . . . . . . . . . . . . . . Hover 19 | . . . . . . . . . . 1 . . 1 . 1 . . 3 . . 3 2 8 . Flight 7 | . . . 2 2 . . . 1 . . . . 1 . . . . . . . . . . 1 Utility 74 | 2 1 2 5 2 . 1 . 1 3 1 1 . 3 2 6 7 5 5 3 . 7 5 9 3 Device 37 | 1 . 1 1 1 . . . 1 1 . 1 . . 1 4 5 4 2 1 . 4 4 4 1 Storage 8 | 1 1 . 1 . . . . . 1 . . . . . . 1 . . 1 . . . 2 . Processor 8 | . . . . . . 1 . . 1 1 . . . . 1 . . . . . 2 1 . 1 Hackware 6 | . . . . . . . . . . . . . 1 1 . . . 1 1 . . . 2 . Protection 15 | . . 1 3 1 . . . . . . . . 2 . 1 1 1 2 . . 1 . 1 1 Artifact . | . . . . . . . . . . . . . . . . . . . . . . . . . Weapon 44 | 3 6 3 5 2 . . . 2 3 1 . . . 1 4 3 3 2 1 . 2 1 1 1 Energy Gun 16 | 2 3 . 4 . . . . . . 1 . . . . 2 1 1 1 . . . . . 1 Energy Cannon 5 | . . 1 . . . . . . . . . . . . . 1 . . . . 1 1 1 . Ballistic Gun 10 | 1 . 2 . 2 . . . 1 1 . . . . . . 1 2 . . . . . . . Ballistic Cannon 3 | . . . . . . . . 1 2 . . . . . . . . . . . . . . . Launcher 5 | . 2 . 1 . . . . . . . . . . . . . . 1 . . 1 . . . Special Weapon 1 | . 1 . . . . . . . . . . . . . . . . . . . . . . . Impact Weapon . | . . . . . . . . . . . . . . . . . . . . . . . . . Slashing Weapon 2 | . . . . . . . . . . . . . . 1 1 . . . . . . . . . Piercing Weapon 2 | . . . . . . . . . . . . . . . 1 . . . 1 . . . . . Special Melee Weapon . | . . . . . . . . . . . . . . . . . . . . . . . . . Unidentified Prototypes 17 | . . 1 3 1 . . . 1 . . . . . . . 4 . 1 . . 1 . 3 2 Corrupted Parts 7 | . . 1 . . . . . . . . . . . . . 2 3 1 . . . . . . System Corruption 30 | . . 10 . . . . . . . . . . . . . 7 12 1 . . . . . . Parts Lost 77 | . . 2 . 1 . 1 . 6 5 . . . 6 . 7 1 . 8 1 . 4 1 21 13 Power 10 | . . . . . . . . . 1 . . . . . 1 . . 2 . . 1 . 2 3 Propulsion 29 | . . . . 1 . . . 4 3 . . . 2 . 1 . . 4 . . 2 . 9 3 Utility 23 | . . . . . . 1 . 1 . . . . 3 . 3 1 . 2 1 . 1 . 7 3 Weapon 15 | . . 2 . . . . . 1 1 . . . 1 . 2 . . . . . . 1 3 4 Highest Loss Streak 19 | . . 1 . 1 . 1 . 6 4 . . . 3 . 3 1 . 3 1 . 2 1 19 7 To Critical Strikes 1 | . . . . . . . . 1 . . . . . . . . . . . . . . . . Average Backups 9 | 3 9 4 8 7 7 7 7 4 4 8 8 11 10 11 12 13 13 13 10 11 13 13 12 8 Power . | . . . . . . . . . . . . . 1 . . . 1 2 2 2 . . . . Propulsion . | 2 3 1 1 . . . . . . . . . . 1 1 1 1 1 . . . 1 2 . Utility 6 | . . 1 1 3 4 4 4 3 3 6 7 8 8 8 8 7 6 6 5 5 6 5 6 4 Weapon 2 | . 4 2 4 3 3 3 3 1 1 1 1 1 1 1 2 3 3 3 3 3 5 6 3 3 Tool/Special . | . . . . . . . . . . . . . . . . . . . . . . . . . Unused Backups 25 | 1 2 1 3 1 . . . . . . . . . . . 6 2 1 . . . 1 3 4 Power 3 | 1 . . . . . . . . . . . . . . . . 1 . . . . . . 1 Propulsion 4 | . 1 . 2 . . . . . . . . . . . . . . . . . . . 1 . Utility 9 | . 1 . . . . . . . . . . . . . . 4 1 . . . . 1 1 1 Weapon 9 | . . 1 1 1 . . . . . . . . . . . 2 . 1 . . . . 1 2 Tool/Special . | . . . . . . . . . . . . . . . . . . . . . . . . . Average Slot Usage (%) 93 | . 100 97 90 89 85 81 84 65 57 88 94 99 91 95 95 99 98 92 83 84 93 82 92 53 Engine 2 | . 14 10 1 . . . . . . . . . . 5 2 5 5 . 4 5 4 1 . . Core 3 | . . 2 5 . 7 7 7 7 2 4 3 6 6 5 4 4 . . . . . . . . Reactor 2 | . . . 1 6 . . . . 1 . 2 . . . 2 . 5 4 . . 4 7 8 5 Treads 2 | . 28 13 . . . . . . 11 15 . . . . . . . . . . . . . . Hover 25 | . . . . 1 . . . . . 8 37 39 33 35 30 35 35 34 26 26 34 27 27 4 Flight 5 | . . 14 31 32 35 38 38 10 . . . . . . 1 . . . . . . . . . Device 16 | . 14 12 11 18 16 8 7 10 17 20 17 10 6 15 18 16 17 13 10 10 12 21 16 8 Storage 6 | . 14 12 8 7 7 7 7 6 5 6 6 6 6 5 5 5 5 5 10 10 5 4 4 4 Processor 2 | . . . . . 1 11 15 8 1 4 3 1 7 11 2 5 5 5 2 . 6 1 3 1 Hackware 1 | . . . . . . . . . . 1 1 7 5 . . . . 3 5 10 10 9 10 . Protection 2 | . . 1 5 3 4 . . . 2 . 1 5 5 . 3 5 3 5 5 5 1 2 3 3 Energy Gun 4 | . 24 7 13 1 2 . . . . 3 5 3 . . . . . . . . 2 1 2 . Energy Cannon 3 | . . 1 3 1 . . . . . . 3 8 11 5 4 . . . . . 1 2 3 2 Ballistic Gun 3 | . . 3 . 5 . . . 2 . . 3 6 6 5 5 11 10 9 9 10 4 . 1 1 Ballistic Cannon 1 | . . . . . . . . . 2 6 1 . . . 3 . . . . . . . . . Launcher 2 | . . 9 4 . . . . . . . 2 . . . . . . . . . 1 . . . Slashing Weapon 1 | . . 5 . 6 8 7 7 12 4 . . . . . 1 5 5 5 2 . . . . . Peak Build Rating 172 | 7 10 42 69 82 70 65 65 65 60 89 115 99 99 112 122 118 114 115 104 107 130 134 172 165 Average Rating 89 | 5 9 28 55 71 66 63 65 41 45 80 94 96 93 104 110 106 112 107 103 105 112 122 153 114 On Entrance 74 | . 7 9 40 60 70 64 65 65 32 56 85 95 98 89 112 104 114 114 87 104 107 103 134 52 Avg Prop Armor Cover (%) 8 | . . 17 9 . . . . 11 9 8 6 8 3 . 12 . . . . . . . 6 5 Naked Turns 85 | . . . . . . . . . . . . . . . . . . . . . . . . 85 Heaviest Build 107 | 13 31 44 54 36 33 26 21 27 52 63 63 57 54 56 93 74 74 70 57 55 84 84 89 107 Greatest Support 200 | 40 40 43 30 36 34 30 30 30 73 168 74 83 85 85 84 78 72 72 60 60 90 89 93 200 Greatest Overweight (x) 11 | . . 11 2 . 1 . . 8 1 2 1 1 . . 1 1 1 1 . . 1 1 2 1 Average Overweight (x) . | . . . 1 . . . . . . . . . . . . . . . . . . . . . Largest Inventory Capacity 15 | 8 15 15 15 10 10 10 10 10 15 15 15 15 15 15 15 15 15 15 15 15 15 15 15 15 Average Capacity 14 | 7 12 13 10 10 10 10 10 9 14 15 15 15 15 15 15 15 15 15 15 15 15 15 15 13 Most Carried 15 | 6 11 14 10 10 7 7 7 7 6 10 9 13 13 15 15 15 15 15 13 13 15 15 15 13 Average Carried 10 | 3 9 7 8 7 7 7 7 4 4 8 8 11 10 11 13 14 14 13 10 11 13 14 14 9 Final Capacity 15 | 8 15 15 10 10 10 10 10 5 15 15 15 15 15 15 15 15 15 15 15 15 15 15 15 5 Final Carried 15 | 6 10 7 6 7 7 7 7 4 4 9 8 13 9 15 13 15 13 12 10 13 13 15 13 5 Transmogrified Parts 1044 | . . 68 88 21 20 1 . 11 17 46 357 16 14 3 382 . . . . . . . . . Integrity Recovered 3879 | . . 189 225 174 48 2 . 157 400 595 852 15 205 22 995 . . . . . . . . . Class Distribution -------------------- 32% | Mutant 32% | Tank 18% | Gunner 3% | Scavenger-Mutant Dominant Class ---------------- Mutant | -10/Materials Mutant | -10/Subcaves Mutant | -8/Materials Sprinter | -7/Factory Mutant | -7/Lower Caves Sprinter | -7/Lower Caves Sprinter | -7/Data Miner Mutant | -6/Proximity Caves Mutant | -6/Factory Mutant | -6/Lower Caves Gunner | -6/Lower Caves Tank | -6/Zion Tank | -5/Proximity Caves Mutant | -5/Factory Tank | -5/Extension Mutant | -5/Cetus Scavenger-Mutant | -5/Archives Scavenger-Mutant | -5/Hub_04(d) Scavenger-Mutant | -4/Factory Scavenger-Mutant | -4/Waste Scavenger-Mutant | -4/Factory Scavenger-Mutant | -3/Research Hacker-Mutant | -3/Testing Mutant | -2/Research Resources | -11 -10 -10 -8 -7 -7 -7 -7 -6 -6 -6 -6 -6 -5 -5 -5 -5 -5 -5 -4 -4 -4 -3 -3 -2 ----------- Run | Yrd Mat Sub Mat Fac Low Low Dat Pro Fac Low Low Zio Pro Fac Ext Cet Arc Hub Fac Was Fac Res Tes Res Matter Collected 6042 | 290 124 427 545 192 12 8 . 85 204 278 562 10 260 110 333 271 208 339 112 . 108 397 616 551 Remotely . | . . . . . . . . . . . . . . . . . . . . . . . . . Salvage Created 8508 | 206 237 350 1032 567 . . . 70 413 465 491 . 334 110 705 66 437 715 234 . 332 . 827 917 Parts 457 | 19 22 22 71 28 . . . 5 14 20 16 . 18 5 30 2 29 31 9 . 15 . 63 38 Haulers Intercepted 14 | . 1 . 5 3 . . . . 1 . . . . 1 . . . 2 1 . . . . . Recyclers Shooed 3 | 1 . . . . . . . . . . . . . . . . . 1 . . . . . 1 Parts Field Recycled . | . . . . . . . . . . . . . . . . . . . . . . . . . Retrieved Matter . | . . . . . . . . . . . . . . . . . . . . . . . . . Parts Self-Destructed 52 | . . 5 . . 2 5 . 3 . 15 4 . 18 . . . . . . . . . . . Prevented 16 | . . 2 . . 1 . . . . . 13 . . . . . . . . . . . . . Parts Restored . | . . . . . . . . . . . . . . . . . . . . . . . . . Kills | -11 -10 -10 -8 -7 -7 -7 -7 -6 -6 -6 -6 -6 -5 -5 -5 -5 -5 -5 -4 -4 -4 -3 -3 -2 ------- Run | Yrd Mat Sub Mat Fac Low Low Dat Pro Fac Low Low Zio Pro Fac Ext Cet Arc Hub Fac Was Fac Res Tes Res Combat Hostiles Destroyed 131 | . 9 7 22 6 . . . 4 7 9 9 . 10 . 9 1 2 6 1 . 8 . 10 11 Melee 24 | . . . . 1 . . . 2 4 1 5 . . . 3 . . 4 . . . . 2 2 Guns 45 | . 4 2 2 3 . . . . . 6 . . 3 . 5 1 2 2 . . 3 . 6 6 Cannons 25 | . . . 7 1 . . . 2 3 2 1 . 7 . . . . . . . . . 2 . AOE 24 | . 5 3 11 . . . . . . . . . . . . . . . . . 4 . . 1 Classes Destroyed 17 | 3 2 2 3 2 . . . . . 1 1 . . . 2 . . . . . . . 1 . Worker 13 | 1 2 . 3 1 . . . . . . . . . 1 . . . 3 . . . . 2 . Builder 6 | . . . 1 1 . . . . . . . . . . 1 . . . . . . . 2 1 Tunneler 5 | 5 . . . . . . . . . . . . . . . . . . . . . . . . Hauler 14 | . 1 . 5 3 . . . . 1 . . . . 1 . . . 2 1 . . . . . Recycler 4 | 1 . . . 1 . . . . . . . . . . 1 . . . . . . . . 1 Operator 8 | . . . . . . . . . . . . . . . 1 . 7 . . . . . . . Watcher 10 | . . . 5 1 . . . . . . . . . . . . . 3 . . . . 1 . Swarmer 50 | . 9 1 15 2 . . . 4 . 4 1 . 6 . 1 . . . . . 5 . . 2 Grunt 26 | . . . 3 . . . . . 3 2 3 . 2 . 4 . . 5 . . 2 . . 2 Brawler 2 | . . . . . . . . . . 1 1 . . . . . . . . . . . . . Duelist 2 | . . . . . . . . . . . 2 . . . . . . . . . . . . . Researcher 1 | . . . . . . . . . . . . . . . . . . . . . . . 1 . Sentry 16 | . . 1 4 2 . . . . 1 1 1 . . . 3 . 2 1 . . . . . . Hunter 7 | . . . . 1 . . . . 2 . 1 . . . . . . . . . . . . 3 Programmer 20 | . . . . 1 . . . . 1 1 . . 2 . . . . . . . 1 . 10 4 Behemoth 2 | . . . . . . . . . . . . . . . 1 . . . 1 . . . . . Cetus Guard 1 | . . . . . . . . . . . . . . . . 1 . . . . . . . . Subdweller 5 | . . 5 . . . . . . . . . . . . . . . . . . . . . . Packrat 1 | . . . . . . . . . . 1 . . . . . . . . . . . . . . Best Kill Streak 9 | 4 5 2 9 5 . . . 3 3 3 2 . 4 2 3 1 4 5 1 . 5 . 4 2 Combat Bots Only 5 | . 3 2 5 2 . . . 3 3 3 2 . 4 . 2 1 1 3 1 . 5 . 3 2 Max Kills in Single Turn 4 | 1 2 2 4 2 . . . 1 1 1 1 . 2 1 1 1 1 1 1 . 2 . 2 2 Gunslinging 1 | . 1 . . . . . . . . . . . . . . . . . . . . . . . Exploded 3 | . 1 2 3 . . . . . . . . . . . . . . . . . 2 . . 1 Melee 1 | . . . . 1 . . . 1 1 1 1 . . . 1 . . 1 . . . . 1 1 Uniques/NPCs Destroyed . | . . . . . . . . . . . . . . . . . . . . . . . . . Combat | -11 -10 -10 -8 -7 -7 -7 -7 -6 -6 -6 -6 -6 -5 -5 -5 -5 -5 -5 -4 -4 -4 -3 -3 -2 -------- Run | Yrd Mat Sub Mat Fac Low Low Dat Pro Fac Low Low Zio Pro Fac Ext Cet Arc Hub Fac Was Fac Res Tes Res Hostile Shots Fired 1584 | . 28 46 41 140 9 14 . 86 121 54 48 . 120 . 62 33 13 83 10 . 89 4 209 374 Missed 556 | . 12 14 14 65 3 10 . 39 37 21 24 . 32 . 21 12 3 28 2 . 35 3 62 119 Hits 1028 | . 16 32 27 75 6 4 . 47 84 33 24 . 88 . 41 21 10 55 8 . 54 1 147 255 Melee 5 | . . . . . . . . . . . 4 . . . . . . . . . . . 1 . Projectile 1023 | . 16 32 27 75 6 4 . 47 84 33 20 . 88 . 41 21 10 55 8 . 54 1 146 255 Critical Strikes 43 | . . 1 1 2 . . . 2 1 . 1 . 3 . 3 1 . 3 . . 5 . 10 10 Actively Blocked 26 | . . . . . . . . . . . . . . . . 1 . 3 . . 5 . 8 9 Part Disruptions 7 | . . . . . . . . . 1 . . . . . . . . . . . . . 4 2 Damage Taken 19664 | 31 121 601 298 784 47 50 . 697 1320 450 426 . 1567 . 836 515 230 1293 379 . 1101 88 3084 5746 Core 3758 | 31 29 112 28 262 6 . . 147 298 46 34 . 258 . 94 37 63 144 . . 158 61 491 1459 Absorbed by Shields 227 | . . . . . . . . . . . . . . . 89 76 40 . . . . . 22 . Redirected to Shielding 42 | . . . . . . . . . . . . . 42 . . . . . . . . . . . Ignored by Resistances 10 | . . . . . . . . . . . 10 . . . . . . . . . . . . . Regen/Repaired (Parts) 1716 | . . . . . . . . . . . 7 . . . . . . . . . . . 662 1047 Core Remaining (%) 60 | 87 . 31 94 . . . . 40 . . . . 25 . . . . 66 . . 86 . 57 . Volleys Fired 550 | 12 16 48 48 47 . . . 10 11 23 35 . 28 4 32 17 12 25 . . 60 24 61 37 Largest 3 | 2 2 2 2 2 . . . 1 3 2 1 . 3 2 3 2 2 2 . . 2 1 3 2 Hottest 240 | 80 100 90 136 90 . . . 40 111 115 110 . 240 135 150 240 70 70 . . 240 240 235 155 Shots Fired 819 | 24 21 69 76 55 . . . 10 21 47 35 . 69 7 51 34 24 44 . . 66 24 98 44 Gun 472 | 24 12 47 27 15 . . . . 1 23 . . 28 3 49 34 24 44 . . 45 6 65 25 Cannon 298 | . . 10 29 40 . . . 10 20 24 35 . 41 4 2 . . . . . 15 18 33 17 Launcher 34 | . 5 12 9 . . . . . . . . . . . . . . . . . 6 . . 2 Special 15 | . 4 . 11 . . . . . . . . . . . . . . . . . . . . . Kinetic 345 | . . 14 . 8 . . . 10 21 24 15 . 28 3 49 32 24 44 . . 12 . 48 13 Thermal 289 | . 4 11 11 40 . . . . . 23 . . 41 4 2 2 . . . . 48 24 50 29 Explosive 9 | . . . 9 . . . . . . . . . . . . . . . . . . . . . Electromagnetic 176 | 24 17 44 56 7 . . . . . . 20 . . . . . . . . . 6 . . 2 Robot Hit Streak 23 | 5 4 4 10 13 . . . 5 5 23 8 . 3 6 6 5 10 11 . . 2 3 13 12 Robot Miss Streak 17 | 2 2 3 2 5 . . . 2 2 6 2 . 17 2 6 2 2 3 . . 3 . 4 2 Penetration Max 1 | . . . . . . . . . . . . . . . 1 1 1 1 . . . . 1 1 Secondary Targets 3 | . 1 . . . . . . . . . . . . . . . . 1 . . . . 1 . Max Gunslinging Chain 1 | . 1 . . . . . . . . . . . . . . . . 1 . . . . 1 . Shots Hit Robots 496 | 13 9 22 43 44 . . . 11 38 36 36 . 27 7 41 19 25 35 3 . 8 2 48 29 Core Hits 253 | 7 12 11 36 15 . . . 4 15 16 8 . 13 3 18 7 12 20 1 . 9 1 23 22 Critical Kills 14 | . . . . 1 . . . . . . . . 1 . 3 . . 2 . . 2 . 4 1 Critical Parts Destroyed 15 | . . . . . . . . . . . . . . . 2 1 . 1 . . . . 6 5 Critical Strikes 49 | . . . 2 1 . . . . 3 . 5 . 1 . 7 3 . 5 . . 2 . 13 7 Destroy 31 | . . . . 1 . . . . . . . . 1 . 5 3 . 3 . . 2 . 10 6 Blast 5 | . . . . . . . . . 3 . 2 . . . . . . . . . . . . . Corrupt 3 | . . . 2 . . . . . . . 1 . . . . . . . . . . . . . Sever 6 | . . . . . . . . . . . 2 . . . 2 . . 2 . . . . . . Impale 4 | . . . . . . . . . . . . . . . . . . . . . . . 3 1 Melee Attacks 222 | . . . . 15 1 . . 10 35 9 13 . . . 24 7 12 28 13 . 6 . 38 11 Impact 5 | . . . . . . . . . . . . . . . 5 . . . . . . . . . Slashing 144 | . . . . 15 1 . . 10 35 . 13 . . . 16 7 12 28 7 . . . . . Piercing 73 | . . . . . . . . . . 9 . . . . 3 . . . 6 . 6 . 38 11 Sneak Attacks 22 | . . . . 1 . . . . 4 . 1 . . . 1 . 7 4 1 . . . 3 . Combat Hostiles 3 | . . . . . . . . . 1 . 1 . . . . . . . . . . . 1 . Follow-up Attacks 2 | . . . . . . . . 2 . . . . . . . . . . . . . . . . Damage Inflicted 21306 | 220 325 434 2422 1511 . . . 410 1427 1083 1293 . 867 210 1290 619 1510 1828 164 . 904 81 2720 1988 Guns 7317 | 176 99 261 432 222 . . . . . 438 . . 142 81 759 619 448 554 . . 191 39 1957 899 Cannons 4525 | . . . 803 811 . . . 215 303 312 762 . 725 129 . . . . . . . 42 234 189 Explosions 3259 | 44 226 173 1187 174 . . . . . . . . . . . . . 15 . . 713 . . 727 Melee 6144 | . . . . 304 . . . 195 1124 333 531 . . . 531 . 1062 1259 164 . . . 529 112 Ramming 61 | . . . . . . . . . . . . . . . . . . . . . . . . 61 Kinetic 6095 | . . 35 . 120 . . . 215 303 312 279 . 142 81 759 619 448 554 . . 141 . 1602 485 Thermal 3751 | 44 68 39 . 985 . . . . . 438 . . 725 129 . . . . . . 50 81 589 603 Explosive 1976 | . . . 1187 . . . . . . . . . . . . . . . . . 250 . . 539 Electromagnetic 3279 | 176 257 360 1235 102 . . . . . . 483 . . . . . . 15 . . 463 . . 188 Impact . | . . . . . . . . . . . . . . . . . . . . . . . . . Slashing 5138 | . . . . 304 . . . 195 1124 . 531 . . . 499 . 1062 1259 164 . . . . . Piercing 1006 | . . . . . . . . . . 333 . . . . 32 . . . . . . . 529 112 Highest Corruption 18 | . . 10 . 1 1 1 1 1 1 1 . . 7 . . 7 9 2 2 . 5 . 18 8 Average Corruption 5 | . . 10 . 1 1 1 1 1 1 1 . . 6 . . 5 4 1 1 . 1 . 7 4 Corruption Purged 24 | . . . . . . . . 1 . 1 . . . . . . 18 2 2 . . . . . Corruption Blocked . | . . . . . . . . . . . . . . . . . . . . . . . . . Effects 420 | . . 258 . 9 11 3 . 1 7 24 . . 42 . . 3 11 . 1 . 2 . 40 8 Message Errors 106 | . . 77 . 3 2 1 . 1 1 5 . . 5 . . . 4 . . . . . 6 1 Matter Fused 95 | . . 50 . . 3 . . . 4 9 . . 14 . . 1 2 . . . . . 8 4 Heat Flow Errors 45 | . . 25 . . 3 . . . . 2 . . 5 . . 1 1 . . . . . 8 . Energy Discharges 60 | . . 39 . 2 2 . . . . 2 . . 9 . . . 1 . . . 1 . 3 1 Parts Rejected 3 | . . . . . . . . . . . . . . . . . . . . . 1 . 1 1 Parts Fused 1 | . . . . . . . . . . . . . . . . . . . . . . . 1 . Data Loss (minor) 57 | . . 36 . 2 1 1 . . 1 4 . . 3 . . 1 2 . . . . . 6 . Data Loss (major) 16 | . . 13 . 1 . . . . . 1 . . 1 . . . . . . . . . . . Misfires 15 | . . 8 . . . . . . . 1 . . 3 . . . 1 . . . . . 2 . Alerts 17 | . . 10 . 1 . 1 . . 1 . . . 1 . . . . . 1 . . . 2 . Misdirections 2 | . . . . . . . . . . . . . . . . . . . . . . . 2 . Weapon Failures 3 | . . . . . . . . . . . . . 1 . . . . . . . . . 1 1 Overload Shots 21 | . . . . 13 . . . . . . . . . . . 1 . . . . 3 4 . . Effects 4 | . . . . 3 . . . . . . . . . . . . . . . . 1 . . . Heat Surge 4 | . . . . 3 . . . . . . . . . . . . . . . . 1 . . . Overflow Damage 1242 | 4 2 . 117 64 . . . 27 87 74 89 . 57 . 32 . 360 112 37 . 46 . 76 58 Projectiles 222 | . . . 43 31 . . . 3 . . . . 57 . . . . . . . . . 52 36 Explosions 162 | 4 2 . 74 9 . . . . . . . . . . . . . 27 . . 46 . . . Melee 858 | . . . . 24 . . . 24 87 74 89 . . . 32 . 360 85 37 . . . 24 22 Knockbacks 9 | . . . . . . . . 1 3 1 4 . . . . . . . . . . . . . Impact . | . . . . . . . . . . . . . . . . . . . . . . . . . Kinetic 8 | . . . . . . . . 1 2 1 4 . . . . . . . . . . . . . Secondary 1 | . . . . . . . . . 1 . . . . . . . . . . . . . . . Self-Inflicted Damage 339 | 31 5 5 45 40 . . . . . . . . . . . . . 102 . . 37 . . 74 Shots 11 | 1 1 1 2 1 . . . . . . . . . . . . . 1 . . 2 . . 2 Rammed . | . . . . . . . . . . . . . . . . . . . . . . . . . Targets Rammed 3 | . . . . . . . . . . . . . . . . . . . . . . . . 3 Kicked 3 | . . . . . . . . . . . . . . . . . . . . . . . . 3 Crushed . | . . . . . . . . . . . . . . . . . . . . . . . . . Highest Temperature 507 | 102 90 241 238 272 299 278 76 75 10 238 370 222 423 207 351 251 258 234 2 . 390 336 507 280 Average Temperature 95 | 42 28 99 74 86 126 115 38 32 3 47 96 71 151 109 127 32 39 50 2 . 57 69 110 106 Received Heat Transfer 2299 | . . 123 45 150 12 . . 21 267 102 102 . 102 . 255 96 22 324 39 . 99 . 387 153 Effects 29 | . . 1 1 . 1 . . . . . 4 . 5 . 11 . . . . . 2 1 3 . Shutdowns 5 | . . . . . . . . . . . 1 . . . 1 . . . . . 1 . 2 . Energy Bleed 10 | . . 1 1 . . . . . . . 1 . 1 . 4 . . . . . . 1 1 . Interference 8 | . . . . . 1 . . . . . 2 . . . 5 . . . . . . . . . Matter Decay 2 | . . . . . . . . . . . . . 2 . . . . . . . . . . . Short Circuit 1 | . . . . . . . . . . . . . . . 1 . . . . . . . . . Damage (minor) 3 | . . . . . . . . . . . . . 2 . . . . . . . 1 . . . Siege Activations 2 | . . . . . . . . . . 2 . . . . . . . . . . . . . . Total Turns 33 | . . . . . . . . . . 33 . . . . . . . . . . . . . . Longest Duration 31 | . . . . . . . . . . 31 . . . . . . . . . . . . . . Martial Activations . | . . . . . . . . . . . . . . . . . . . . . . . . . Shielding Activations . | . . . . . . . . . . . . . . . . . . . . . . . . . Robots Disrupted . | . . . . . . . . . . . . . . . . . . . . . . . . . Combat Hostiles . | . . . . . . . . . . . . . . . . . . . . . . . . . Robots Corrupted 12 | . . 2 3 . . . . . . . 3 . . . . . . . . . 1 . . 3 Combat Hostiles 10 | . . 2 2 . . . . . . . 3 . . . . . . . . . 1 . . 2 Parts Fried 30 | 1 . 3 11 . . . . . . . 3 . . . . . . . . . 7 . . 5 Impact Corruptions 2 | . . . . . . . . . . . . . . . . . . . . . . . . 2 Robots Melted 1 | . . . . 1 . . . . . . . . . . . . . . . . . . . . Combat Hostiles 1 | . . . . 1 . . . . . . . . . . . . . . . . . . . . Parts Melted 5 | . . 1 . 2 . . . . . . . . . . 1 . . . . . . . 1 . Heat Transferred 4049 | 50 50 . . 1190 . . . . . 703 . . 759 150 . . . . . . 37 74 444 592 Parts Sabotaged . | . . . . . . . . . . . . . . . . . . . . . . . . . Parts Stolen . | . . . . . . . . . . . . . . . . . . . . . . . . . Parts Stripped . | . . . . . . . . . . . . . . . . . . . . . . . . . Power Chain Reactions 6 | 1 2 1 . 2 . . . . . . . . . . . . . . . . . . . . Alert | -11 -10 -10 -8 -7 -7 -7 -7 -6 -6 -6 -6 -6 -5 -5 -5 -5 -5 -5 -4 -4 -4 -3 -3 -2 ------- Run | Yrd Mat Sub Mat Fac Low Low Dat Pro Fac Low Low Zio Pro Fac Ext Cet Arc Hub Fac Was Fac Res Tes Res Maximum Alert Level 2 | . . . 2 1 . . . . . . . . . . 1 . . 2 1 . 1 . . 1 Low Security (%) 94 | 100 100 . 66 89 . . . . 100 . . . . 100 99 100 100 91 74 100 86 100 100 95 Level 1 5 | . . . 32 10 . . . . . . . . . . . . . 5 25 . 13 . . 4 Level 2 . | . . . . . . . . . . . . . . . . . . 3 . . . . . . Level 3 . | . . . . . . . . . . . . . . . . . . . . . . . . . Level 4 . | . . . . . . . . . . . . . . . . . . . . . . . . . Level 5 . | . . . . . . . . . . . . . . . . . . . . . . . . . High Security . | . . . . . . . . . . . . . . . . . . . . . . . . . Max Security . | . . . . . . . . . . . . . . . . . . . . . . . . . Peak Influence 464 | 15 163 . 421 258 . . . . 60 . . . . 87 201 186 124 464 220 . 224 96 85 268 Initial 220 | . . . . 68 . . . . . . . . . 81 . 112 25 . 220 . . 85 . . Average 42 | 2 51 . 193 84 . . . . 10 . . . . 35 11 46 50 79 157 . 97 22 19 37 Influence Increases 7786 | 35 255 55 866 480 15 45 . 300 213 290 665 . 390 46 978 324 203 817 57 . 464 72 584 632 Destroy 0b10 Robot/C 3020 | . 180 40 440 120 . . . 80 140 180 180 . 200 . 480 160 80 120 20 . 160 . 220 220 Destroy 0b10 Robot/NC 335 | 35 15 . 70 35 . . . . 5 5 . . . 10 40 5 35 40 5 . . . 25 10 Destroy Leader 464 | . 32 . 100 48 . . . 10 42 30 20 . 10 2 36 . . 30 12 . 20 . 42 30 Allied During Kill 446 | . . . . . . . . . . . . . . . 313 101 32 . . . . . . . Successful Hack 303 | . 20 . 51 36 . . . . 5 . . . . 30 . . . . . . 10 21 88 42 Disable Machine 465 | . . . 60 . . . . . 15 . . . . . 45 30 30 90 . . 75 15 75 30 Destroy Structure 803 | . 8 . 115 16 . . . . 6 . . . . 4 34 28 26 192 20 . 124 36 74 120 Partial Spotted 255 | . . . 15 135 . . . . . . . . . . 15 . . 30 . . . . 60 . Lose Combat Pursuer 1695 | . . 15 15 90 15 45 . 210 . 75 465 . 180 . 15 . . 315 . . 75 . . 180 Influence Decreases 7518 | 35 210 100 714 632 15 45 . 300 196 295 677 . 260 176 777 461 267 366 508 . 300 236 582 366 Entered New Map 606 | . . 22 . 84 . . . . . 8 3 . . 49 . 89 39 . 231 . . 79 . 2 Time Decay 5649 | 35 210 68 704 538 15 45 . 240 158 287 674 . 210 127 448 181 208 294 117 . 260 147 426 257 Lost Part 626 | . . 10 . 10 . . . 60 38 . . . 50 . 65 10 . 70 10 . 40 10 146 107 Lost Ally 487 | . . . 10 . . . . . . . . . . . 264 181 20 2 . . . . 10 . Purge Threat 150 | . . . . . . . . . . . . . . . . . . . 150 . . . . . Squads Dispatched 44 | . . . 1 5 . . . . 3 . . . . 1 . . . 6 1 . 3 6 7 11 Investigation 11 | . . . 1 1 . . . . . . . . . . . . . 2 . . . 3 1 3 Extermination 19 | . . . . 4 . . . . 2 . . . . 1 . . . 1 . . 2 . 6 3 Reinforcement 12 | . . . . . . . . . 1 . . . . . . . . 3 1 . 1 3 . 3 Assault 2 | . . . . . . . . . . . . . . . . . . . . . . . . 2 Garrison . | . . . . . . . . . . . . . . . . . . . . . . . . . Intercept . | . . . . . . . . . . . . . . . . . . . . . . . . . Searches Triggered . | . . . . . . . . . . . . . . . . . . . . . . . . . Construction Impeded 1 | . . . . . . . . . . . . . . . . . . . . . . . . 1 Haulers Reinforced 2 | . . . . . . . . . . . . . . . . . . . 1 . 1 . . . Active Scanning Responses . | . . . . . . . . . . . . . . . . . . . . . . . . . Cargo Convoy Interrupts 1 | . . . . . . . . . . . . . . . . . . . . . . . . 1 Stealth | -11 -10 -10 -8 -7 -7 -7 -7 -6 -6 -6 -6 -6 -5 -5 -5 -5 -5 -5 -4 -4 -4 -3 -3 -2 --------- Run | Yrd Mat Sub Mat Fac Low Low Dat Pro Fac Low Low Zio Pro Fac Ext Cet Arc Hub Fac Was Fac Res Tes Res Distress Signals 19 | . 2 . 3 1 . . . . . . . . . . 2 2 . 1 . . . 3 1 4 Communications Jammed 22 | . . . . 22 . . . . . . . . . . . . . . . . . . . . Distress Signals 22 | . . . . 22 . . . . . . . . . . . . . . . . . . . . Times Spotted 394 | . 15 8 29 21 4 5 . 14 12 12 32 . 25 . 26 9 14 32 3 3 26 5 33 66 Peak Tracking Total 12 | . 5 2 5 7 4 7 . 10 3 4 5 . 6 . 5 5 1 9 2 5 6 3 11 12 Tactical Retreats 71 | . . 1 1 3 1 2 . 5 . 2 17 . 5 . 1 . . 6 . . 6 3 4 14 ECM-based Alert Blocks 50 | . . . . . . . . . . . . . . . . . . . . . 7 5 13 25 Traps | -11 -10 -10 -8 -7 -7 -7 -7 -6 -6 -6 -6 -6 -5 -5 -5 -5 -5 -5 -4 -4 -4 -3 -3 -2 ------- Run | Yrd Mat Sub Mat Fac Low Low Dat Pro Fac Low Low Zio Pro Fac Ext Cet Arc Hub Fac Was Fac Res Tes Res Traps Triggered 26 | . . . 2 . . . . . . . . . . . 12 . . . 1 . 1 4 2 4 Indirectly . | . . . . . . . . . . . . . . . . . . . . . . . . . Trap Hack Attempts . | . . . . . . . . . . . . . . . . . . . . . . . . . Triggered . | . . . . . . . . . . . . . . . . . . . . . . . . . Disarmed . | . . . . . . . . . . . . . . . . . . . . . . . . . Reprogrammed . | . . . . . . . . . . . . . . . . . . . . . . . . . Reused . | . . . . . . . . . . . . . . . . . . . . . . . . . Traps Extracted . | . . . . . . . . . . . . . . . . . . . . . . . . . Installed . | . . . . . . . . . . . . . . . . . . . . . . . . . Triggered . | . . . . . . . . . . . . . . . . . . . . . . . . . Machines | -11 -10 -10 -8 -7 -7 -7 -7 -6 -6 -6 -6 -6 -5 -5 -5 -5 -5 -5 -4 -4 -4 -3 -3 -2 ---------- Run | Yrd Mat Sub Mat Fac Low Low Dat Pro Fac Low Low Zio Pro Fac Ext Cet Arc Hub Fac Was Fac Res Tes Res Machines Disabled 33 | . . 1 4 . . . . . 1 . . . . . 3 2 2 6 . . 5 1 6 2 Max in Single Turn 4 | . . 1 2 . . . . . 1 . . . . . 1 1 1 4 . . 4 1 1 1 Garrison Access 4 | . . . . 1 . . . . . . . . . . . . . . . . . 1 1 1 Network Hub 1 | . . . . . . . . . . . . . . . . . . 1 . . . . . . Machines Repaired . | . . . . . . . . . . . . . . . . . . . . . . . . . Machines Dismantled . | . . . . . . . . . . . . . . . . . . . . . . . . . Machines Sabotaged . | . . . . . . . . . . . . . . . . . . . . . . . . . Overloaded Fab Kills . | . . . . . . . . . . . . . . . . . . . . . . . . . Hacking | -11 -10 -10 -8 -7 -7 -7 -7 -6 -6 -6 -6 -6 -5 -5 -5 -5 -5 -5 -4 -4 -4 -3 -3 -2 --------- Run | Yrd Mat Sub Mat Fac Low Low Dat Pro Fac Low Low Zio Pro Fac Ext Cet Arc Hub Fac Was Fac Res Tes Res Machines Accessed 81 | . 5 3 7 14 1 1 4 . 2 2 . . . 7 . 1 1 5 2 . 1 5 15 5 Terminals 52 | . 5 . 7 10 . . . . 1 1 . . . 5 . 1 . 5 1 . 1 3 9 3 Fabricators 6 | . . . . . . . . . . . . . . 2 . . . . . . . 1 2 1 Repair Stations 3 | . . . . . . . . . 1 . . . . . . . . . . . . . 1 1 Recycling Units . | . . . . . . . . . . . . . . . . . . . . . . . . . Scanalyzers 5 | . . . . 2 . . . . . . . . . . . . . . 1 . . . 2 . Garrison Access 4 | . . . . 2 . . . . . . . . . . . . . . . . . 1 1 . Total Hacks 263 | . 19 4 34 41 1 1 30 . 4 2 . . . 12 . 1 1 8 6 . 8 16 61 14 Successful 163 | . 11 4 19 19 1 1 30 . 1 2 . . . 7 . . 1 4 5 . 6 5 38 9 Failed 99 | . 8 . 15 21 . . . . 3 . . . . 5 . 1 . 4 1 . 2 11 23 5 Catastrophic 15 | . . . 1 3 . . . . . . . . . 2 . . . 1 . . . 3 4 1 Database Lockouts 1 | . . . . 1 . . . . . . . . . . . . . . . . . . . . Manual 119 | . 16 . 25 28 . . . . 4 . . . . 5 . 1 . 4 . . 5 10 13 8 Terminals 171 | . 19 . 34 35 . . . . 2 1 . . . 9 . 1 . 8 3 . 8 13 29 9 Fabricators 12 | . . . . . . . . . . . . . . 3 . . . . . . . 1 6 2 Repair Stations 10 | . . . . . . . . . 2 . . . . . . . . . . . . . 5 3 Recycling Units . | . . . . . . . . . . . . . . . . . . . . . . . . . Scanalyzers 26 | . . . . 3 . . . . . . . . . . . . . . 3 . . . 20 . Garrison Access 6 | . . . . 3 . . . . . . . . . . . . . . . . . 2 1 . Terminal Hacks 78 | . 3 4 8 7 1 1 30 . . 2 . . . 2 . . 1 1 2 . 3 . 12 1 Record 14 | . . 1 . . . . 11 . . 1 . . . . . . 1 . . . . . . . Part Schematic 12 | . . . . . . . 12 . . . . . . . . . . . . . . . . . Robot Schematic 4 | . . . . . . . 4 . . . . . . . . . . . . . . . . . Robot Analysis 3 | . . . 1 1 . . . . . . . . . . . . . . . . . . 1 . Prototype ID Bank 7 | . . . 1 1 . . 3 . . . . . . . . . . . . . 1 . 1 . Open Door 6 | . . 1 . . 1 1 . . . 1 . . . 1 . . . . . . . . 1 . Branch Access Points 3 | . . . 1 1 . . . . . . . . . 1 . . . . . . . . . . Emergency Access Points 1 | . . . . . . . . . . . . . . . . . . . . . . . 1 . Terminal Index 6 | . 1 . 1 1 . . . . . . . . . . . . . . . . 1 . 1 1 Repair Station Index 1 | . . . . . . . . . . . . . . . . . . . . . . . 1 . Garrison Index 1 | . . . . . . . . . . . . . . . . . . . . . . . 1 . Alert Level 2 | . . . 1 . . . . . . . . . . . . . . . 1 . . . . . Unreport Threat 1 | . . . . . . . . . . . . . . . . . . . 1 . . . . . Locate Traps 7 | . 1 . 2 1 . . . . . . . . . . . . . 1 . . . . 2 . Recall Extermination 2 | . . . . . . . . . . . . . . . . . . . . . . . 2 . Hauler Manifests 3 | . . . 1 1 . . . . . . . . . . . . . . . . 1 . . . Zone Layout 3 | . 1 . . 1 . . . . . . . . . . . . . . . . . . 1 . Proto ID Catalog 1 | . . 1 . . . . . . . . . . . . . . . . . . . . . . Release Object 1 | . . 1 . . . . . . . . . . . . . . . . . . . . . . Fabricator Hacks 7 | . . . . . . . . . . . . . . 2 . . . . . . . 1 2 2 Load Schematic 1 | . . . . . . . . . . . . . . . . . . . . . . . . 1 Build 6 | . . . . . . . . . . . . . . 2 . . . . . . . 1 2 1 Repair Station Hacks 5 | . . . . . . . . . . . . . . . . . . . . . . . 4 1 Scan Component 3 | . . . . . . . . . . . . . . . . . . . . . . . 2 1 Repair 2 | . . . . . . . . . . . . . . . . . . . . . . . 2 . Recycling Unit Hacks . | . . . . . . . . . . . . . . . . . . . . . . . . . Scanalyzer 18 | . . . . . . . . . . . . . . . . . . . 3 . . . 15 . Insert Component 5 | . . . . . . . . . . . . . . . . . . . . . . . 5 . Analyze 7 | . . . . . . . . . . . . . . . . . . . . . . . 7 . Retrieve Study 6 | . . . . . . . . . . . . . . . . . . . 3 . . . 3 . Garrison Access Hacks 3 | . . . . 1 . . . . . . . . . . . . . . . . . 1 1 . Seal Access 3 | . . . . 1 . . . . . . . . . . . . . . . . . 1 1 . Unauthorized Hacks 52 | . 8 . 11 11 . . . . 1 . . . . 3 . . . 3 . . 3 3 4 5 Terminals 52 | . 8 . 11 11 . . . . 1 . . . . 3 . . . 3 . . 3 3 4 5 Track 3 | . 1 . 1 1 . . . . . . . . . . . . . . . . . . . . Assimilate 4 | . . . 2 . . . . . . . . . . . . . . . . . . . . 2 Botnet 18 | . 1 . 2 4 . . . . 1 . . . . 1 . . . 1 . . 1 2 3 2 Operators 8 | . 1 . 1 1 . . . . . . . . . 1 . . . . . . 1 1 1 1 Skim 17 | . 5 . 5 5 . . . . . . . . . 1 . . . . . . 1 . . . Sabotage 2 | . . . . . . . . . . . . . . . . . . 2 . . . . . . Fabricators . | . . . . . . . . . . . . . . . . . . . . . . . . . Repair Stations . | . . . . . . . . . . . . . . . . . . . . . . . . . Recycling Units . | . . . . . . . . . . . . . . . . . . . . . . . . . Scanalyzers . | . . . . . . . . . . . . . . . . . . . . . . . . . Garrison Access . | . . . . . . . . . . . . . . . . . . . . . . . . . Data Cores Recovered . | . . . . . . . . . . . . . . . . . . . . . . . . . Used . | . . . . . . . . . . . . . . . . . . . . . . . . . Hacking Detections 54 | . 5 . 7 12 . . . . 2 . . . . 5 . 1 . 2 2 . . 4 9 5 Full Trace Events 4 | . . . 1 1 . . . . . . . . . . . . . . . . . . . 2 Feedback Events . | . . . . . . . . . . . . . . . . . . . . . . . . . Feedback Blocked . | . . . . . . . . . . . . . . . . . . . . . . . . . Robot Schematics Acquired 5 | . . . . . . . 4 . . . . . . . . . . . . . . . 1 . Robots Built 4 | . . . . . . . . . . . . . . 3 . . . . . . . . 1 . Authchips . | . . . . . . . . . . . . . . . . . . . . . . . . . Time 231 | . . . . . . . . . . . . . . 169 . . . . . . . . 62 . Total Robot Build Rating 25 | . . . . . . . . . . . . . . 18 . . . . . . . . 7 . Part Schematics Acquired 19 | . . . . . . . 12 . . . . . . . . . . . . . . . 7 . Parts Built 6 | . . . . . . . . . . . . . . 2 . . . . . . . 2 1 1 Authchips . | . . . . . . . . . . . . . . . . . . . . . . . . . Time 455 | . . . . . . . . . . . . . . 53 . . . . . . . 69 111 222 Total Part Build Rating 48 | . . . . . . . . . . . . . . 12 . . . . . . . 18 9 9 Part Studies Acquired 5 | . . . . . . . . . . . . . . . . . . . 2 . . . 3 . Parts Repaired 2 | . . . . . . . . . . . . . . . . . . . . . . . 2 . Time 98 | . . . . . . . . . . . . . . . . . . . . . . . 98 . Parts Recycled . | . . . . . . . . . . . . . . . . . . . . . . . . . Recycled Matter . | . . . . . . . . . . . . . . . . . . . . . . . . . Retrieved Matter . | . . . . . . . . . . . . . . . . . . . . . . . . . Retrieved Components . | . . . . . . . . . . . . . . . . . . . . . . . . . Parts Scanalyzed 5 | . . . . . . . . . . . . . . . . . . . . . . . 5 . Part Schematics Acquired 5 | . . . . . . . . . . . . . . . . . . . . . . . 5 . Parts Damaged . | . . . . . . . . . . . . . . . . . . . . . . . . . Bothacking | -11 -10 -10 -8 -7 -7 -7 -7 -6 -6 -6 -6 -6 -5 -5 -5 -5 -5 -5 -4 -4 -4 -3 -3 -2 ------------ Run | Yrd Mat Sub Mat Fac Low Low Dat Pro Fac Low Low Zio Pro Fac Ext Cet Arc Hub Fac Was Fac Res Tes Res Used RIF Installer . | . . . . . . . . . . . . . . . . . . . . . . . . . Robots Hacked . | . . . . . . . . . . . . . . . . . . . . . . . . . Non-combat . | . . . . . . . . . . . . . . . . . . . . . . . . . Combat . | . . . . . . . . . . . . . . . . . . . . . . . . . Robot Hacks Applied . | . . . . . . . . . . . . . . . . . . . . . . . . . Relay Couplers Released 2 | . . . . . . . . . . . . . . . . . . . . . . . . 2 Machine Destruction 2 | . . . . . . . . . . . . . . . . . . . . . . . . 2 Fabnet Peak Effective % . | . . . . . . . . . . . . . . . . . . . . . . . . . Robots Rewired 13 | . . . . . . . . . . . . . . . 13 . . . . . . . . . Allies Hacked . | . . . . . . . . . . . . . . . . . . . . . . . . . Hacks Repelled . | . . . . . . . . . . . . . . . . . . . . . . . . . Allies | -11 -10 -10 -8 -7 -7 -7 -7 -6 -6 -6 -6 -6 -5 -5 -5 -5 -5 -5 -4 -4 -4 -3 -3 -2 -------- Run | Yrd Mat Sub Mat Fac Low Low Dat Pro Fac Low Low Zio Pro Fac Ext Cet Arc Hub Fac Was Fac Res Tes Res Total Allies 37 | . . . 1 . . . . . . . . . . 3 26 5 . . . 1 . . 1 . Largest Group 13 | . . . 1 . . . . . . . . . . 3 13 11 3 1 . 1 . . 1 . Highest-Rated Group 718 | . . . 10 . . . . . . . . . . 90 457 718 338 96 . 46 . . 36 . Highest-Rated Ally 159 | . . . 10 . . . . . . . . . . 30 159 159 153 96 . 46 . . 36 . Total Orders 8 | . . . . . . . . . . . . . 5 . . . . 1 . . . . 2 . STAY 2 | . . . . . . . . . . . . . . . . . . 1 . . . . 1 . AID 1 | . . . . . . . . . . . . . . . . . . . . . . . 1 . EXPLORE 3 | . . . . . . . . . . . . . 3 . . . . . . . . . . . RETURN 2 | . . . . . . . . . . . . . 2 . . . . . . . . . . . Ally Attacks 285 | . . . . . . . . . . . . . . . 188 75 18 2 . 2 . . . . Total Damage 6406 | . . . . . . . . . . . . . . . 3637 1814 892 . . 63 . . . . Kills 33 | . . . . . . . . . . . . . . . 22 9 2 . . . . . . . Allies Corrupted . | . . . . . . . . . . . . . . . . . . . . . . . . . Allies Melted 2 | . . . . . . . . . . . . . . . . . . . . . . . . 2 Intel | -11 -10 -10 -8 -7 -7 -7 -7 -6 -6 -6 -6 -6 -5 -5 -5 -5 -5 -5 -4 -4 -4 -3 -3 -2 ------- Run | Yrd Mat Sub Mat Fac Low Low Dat Pro Fac Low Low Zio Pro Fac Ext Cet Arc Hub Fac Was Fac Res Tes Res Active Infowar (turns) 42519 | 66 892 863 199 1413 423 . . . 688 861 12909 549 718 331 19074 52 . . . . 594 623 1597 667 Optics 6727 | . . . . . . . . . . . 2621 549 716 331 2510 . . . . . . . . . Sensors 4581 | . . . . . 274 . . . 226 . . . . . 1952 . . . . . . 504 1597 28 A.S.S. 1727 | . . . . . . . . . . . 1727 . . . . . . . . . . . . . IFF 2480 | . . . . . . . . . . . . . . . 2480 . . . . . . . . . Terrain 1481 | . . . 2 . . . . . 462 . 1015 . 2 . . . . . . . . . . . Structural 182 | . . . 182 . . . . . . . . . . . . . . . . . . . . . Traps 1943 | . . . . . . . . . . . 1943 . . . . . . . . . . . . . Seismic 1984 | 66 892 863 . . . . . . . . . . . . . . . . . . . . . 163 Decoding 2695 | . . . . . . . . . . . 200 . . . 2495 . . . . . . . . . T.N.C. 317 | . . . . . . . . . . . . . . . . . . . . . 317 . . . Machine Analysis 732 | . . . . . . . . . . . 217 . . . . . . . . . 515 . . . Triangulation 1192 | . . . . . . . . . . . . . . . 1192 . . . . . . . . . Cloaking 4046 | . . . . . . . . . . 861 3139 . . . 46 . . . . . . . . . Spoofing 4332 | . . . . . . . . . . . 1084 . . . 3248 . . . . . . . . . Jamming 8734 | . . . . 1413 149 . . . . . 1184 . . . 5936 52 . . . . . . . . ECM 2211 | . . . 15 . . . . . . . 4 . . . 28 . . . . . 237 498 862 567 Robot Analysis Total 3 | . . . 1 1 . . . . . . . . . . . . . . . . . . 1 . Derelict Logs Recovered 12 | . . 2 . . 2 1 . 2 . 2 . 2 1 . . . . . . . . . . . Drone Launches 3 | . . . . . . . . . . . . . 3 . . . . . . . . . . . Drone Recoveries 3 | . . . . . . . . . . . . . 3 . . . . . . . . . . . Exploration | -11 -10 -10 -8 -7 -7 -7 -7 -6 -6 -6 -6 -6 -5 -5 -5 -5 -5 -5 -4 -4 -4 -3 -3 -2 ------------- Run | Yrd Mat Sub Mat Fac Low Low Dat Pro Fac Low Low Zio Pro Fac Ext Cet Arc Hub Fac Was Fac Res Tes Res Turns Passed 101736 | 181 892 9429 6682 1740 1219 249 22 894 1304 4198 31157 1709 1297 331 34194 544 556 707 246 39 688 652 1822 984 Spaces Moved 18968 | 78 439 1440 763 1580 1042 806 97 496 443 1265 1240 993 613 465 1008 574 368 568 378 68 781 905 1809 749 Core 218 | 3 . 44 . . . . . 2 . . . . . . . . . . . . . . . 169 Treads 3457 | 75 439 1310 . . . . . 14 385 1234 . . . . . . . . . . . . . . Legs 529 | . . . . . . . . . 58 . . . . . . . . . . . . . . 471 Wheels 58 | . . 29 . . . . . . . 29 . . . . . . . . . . . . . . Hover 9793 | . . . . . . . . . . 2 1240 993 613 465 1008 574 368 568 378 68 781 905 1809 21 Flight 4913 | . . 57 763 1580 1042 806 97 480 . . . . . . . . . . . . . . . 88 Fastest Speed 21 | 50 160 105 32 23 21 21 22 22 120 35 35 44 40 52 44 40 46 43 53 53 44 48 41 40 Average Speed 78 | 155 160 177 101 26 24 21 22 54 168 164 76 52 44 54 117 50 72 47 53 53 49 54 45 99 Slowest Speed 600 | 160 160 600 169 29 89 22 22 515 240 167 106 141 65 56 175 101 101 113 53 53 112 111 146 190 Overloaded Moves 59 | . . . . . . . . 40 . . . . . . . 19 . . . . . . . . Propulsion Burnouts . | . . . . . . . . . . . . . . . . . . . . . . . . . Robots Hopped 17 | . . . . 14 . . . 3 . . . . . . . . . . . . . . . . Potential Cave-ins 6 | . . . . . . . . . . . . . . . . . . . . . . . 6 . Cave-ins Triggered 1 | . . . . . . . . . . . . . . . . . . . 1 . . . . . Exploration Rate (%) 55 | 5 64 52 51 49 89 86 75 69 4 98 64 85 68 12 79 85 96 44 7 63 15 22 90 23 Regions Visited 24 Branch Regions 14 Pre-discovered Areas 8 | . . . 3 2 . . 1 . . . . 2 . . . . . . . . . . . . Known Exits Taken 14 | . 1 1 1 1 1 1 1 1 1 1 1 . 1 1 . . . . . . . 1 . . Unknown Exits Taken 8 | 1 . . . . . . . . . . . 1 . . 1 1 1 1 . . 1 . 1 . Scrap Searched 16 | . . . . . 5 1 . . . 2 3 3 2 . . . . . . . . . . . Spaces Dug 137 | . 7 . 9 8 1 . . 3 2 2 . . 3 . . . . 10 10 . 26 14 33 9 Terrain Destroyed 596 | 3 7 2 121 19 1 . . 4 4 10 . . 34 1 9 10 10 173 10 . 64 21 42 51 Melee 43 | . . . . 5 1 . . 3 2 2 . . . . . . . 1 10 . 3 . 12 4 Projectile 217 | . 4 . 11 8 . . . 1 2 8 . . 34 1 9 10 10 17 . . 39 21 30 12 AOE 335 | 3 3 2 110 6 . . . . . . . . . . . . . 154 . . 22 . . 35 Terrain Rammed . | . . . . . . . . . . . . . . . . . . . . . . . . . Walls Destroyed . | . . . . . . . . . . . . . . . . . . . . . . . . . Machines Disabled . | . . . . . . . . . . . . . . . . . . . . . . . . . Actions | -11 -10 -10 -8 -7 -7 -7 -7 -6 -6 -6 -6 -6 -5 -5 -5 -5 -5 -5 -4 -4 -4 -3 -3 -2 --------- Run | Yrd Mat Sub Mat Fac Low Low Dat Pro Fac Low Low Zio Pro Fac Ext Cet Arc Hub Fac Was Fac Res Tes Res Total 104709 | 111 597 8250 6578 2808 2001 879 96 1098 941 3327 31393 2180 1568 532 33933 788 614 916 402 70 1005 1044 2661 917 Wait 84286 | 4 117 6712 5700 1163 958 73 . 578 439 2014 30097 1183 918 53 32724 144 201 257 . . 114 82 679 76 Move 18913 | 77 438 1439 762 1551 1041 805 96 491 442 1264 1239 992 612 464 1007 573 367 567 378 67 780 904 1808 749 Hop 15 | . . . . 14 . . . 1 . . . . . . . . . . . . . . . . Pick Up 130 | 7 7 11 11 7 . . . 1 3 7 4 5 2 6 2 14 5 4 3 3 7 6 10 5 Fast Attach 91 | 7 . 1 9 1 . 1 . 2 7 5 . . 2 2 6 5 3 3 . . 4 6 13 14 Attach 100 | 1 . 5 16 6 . . . 4 3 1 2 . 3 2 6 6 3 9 4 . 6 4 7 12 Detach 45 | 1 . 1 13 1 . . . . . . . . . 1 2 4 1 5 . . 4 4 2 6 Swap 107 | 1 13 18 2 . . . . . . . . . . . 1 3 4 13 4 . 17 6 23 2 Drop 119 | 1 6 10 17 3 1 . . 4 1 4 3 . 3 . 4 15 6 5 . . 7 8 19 2 Fire 550 | 12 16 48 48 47 . . . 10 11 23 35 . 28 4 32 17 12 25 . . 60 24 61 37 Melee 218 | . . . . 15 1 . . 7 35 9 13 . . . 23 7 12 28 13 . 6 . 38 11 Ram . | . . . . . . . . . . . . . . . . . . . . . . . . . Kick 3 | . . . . . . . . . . . . . . . . . . . . . . . . 3 Crush . | . . . . . . . . . . . . . . . . . . . . . . . . . Escape Stasis 44 | . . . . . . . . . . . . . . . 43 . . . . . . . 1 . Rewire 83 | . . . . . . . . . . . . . . . 83 . . . . . . . . . Trap . | . . . . . . . . . . . . . . . . . . . . . . . . . Miscellaneous 5 | . . 5 . . . . . . . . . . . . . . . . . . . . . . Route ------- -11/Scrapyard -10/Materials (discovered 6 exits: [*Mat x3] / [*Min x2] / *Sub) -10/Subcaves (discovered 3 exits: *Mat x2 / Rec) -8/Materials (discovered 3 exits: *Fac x3) -7/Factory (discovered 8 exits: *Fac x4 / Sto x2 / *Low x2) -7/Lower Caves -7/Lower Caves (discovered 2 exits: *Fac / *Dat) -7/Data Miner -6/Proximity Caves -6/Factory (discovered 2 exits: Fac / *Low) -6/Lower Caves -6/Lower Caves -6/Zion -5/Proximity Caves -5/Factory (discovered 5 exits: *Fac / Upp x2 / *Ext x2) -5/Extension (discovered 2 exits: *Fac / *Cet) -5/Cetus (discovered 2 exits: *Fac / *Arc) -5/Archives (discovered 3 exits: *Fac / *Hub x2) -5/Hub_04(d) -4/Factory -4/Waste -4/Factory -3/Research (discovered 3 exits: *Res / *Arm / *Tes) -3/Testing -2/Research History --------- Turn | Location | Event 22 | -11/Scrapyard | Discovered new exit (range 15) 182 | -11/Scrapyard | Entered Materials 304 | -10/Materials | Build established: Mutant 318 | -10/Materials | Discovered new exit (range 16) 533 | -10/Materials | Discovered new exit (range 11) 533 | -10/Materials | Discovered new exit (range 19) 684 | -10/Materials | Discovered new exit (range 16) 761 | -10/Materials | Discovered new exit (range 9) 764 | -10/Materials | Loaded intel: 16 trap records 827 | -10/Materials | Identified exit to Subcaves 879 | -10/Materials | Learned 2 Mines zone layouts 948 | -10/Materials | Learned Storage trap positions 967 | -10/Materials | Learned Storage emergency access door positions 993 | -10/Materials | Learned location of 2 exits from Subcaves 1022 | -10/Materials | Learned 2 Materials zone layouts 1059 | -10/Materials | Learned location of 1 exit from Storage 1074 | -10/Materials | Entered Subcaves 1074 | -10/Subcaves | Learned 2 Materials zone layouts 1075 | -10/Subcaves | Identified exit to Materials 1075 | -10/Subcaves | Identified exit to Recycling 1178 | -10/Subcaves | Discovered exit to Materials (range 16) 1391 | -10/Subcaves | Released subatomizers from SUBCON Basin 1625 | -10/Subcaves | Learned Materials garrison access intel 1639 | -10/Subcaves | A swath of the cavern ceiling suddenly collapsed 2157 | -10/Subcaves | Core integrity fell below 50% 2232 | -10/Subcaves | System corruption reached 10% 2816 | -10/Subcaves | Build established: Subdweller-Mutant 2993 | -10/Subcaves | Visited 4L-MR0's lab 3002 | -10/Subcaves | Found Prototype Device 3014 | -10/Subcaves | Found Flightbrick 3161 | -10/Subcaves | Identified Sfc. Transmogrifier 3448 | -10/Subcaves | Build established: Mutant 10503 | -10/Subcaves | Entered Materials 10503 | -8/Materials | Evolved 4 slots: Propulsion x2, Utility x1, Weapon x1 10504 | -8/Materials | Identified exit to Factory 10505 | -8/Materials | Loaded intel: 1 garrison access location 10506 | -8/Materials | Attached Flightbrick, gained temporary slots: Utility x3 11434 | -8/Materials | Learned location of Storage (-7) 11488 | -8/Materials | Discovered exit to Factory (range 11) 11493 | -8/Materials | Learned location of 1 exit from Storage 11605 | -8/Materials | Learned Factory trap positions 11634 | -8/Materials | Learned Factory trap positions 11653 | -8/Materials | Learned Storage trap positions 11681 | -8/Materials | Learned 4 Factory zone layouts 11719 | -8/Materials | Learned 2 Lower Caves zone layouts 11955 | -8/Materials | Build established: Tank 12921 | -8/Materials | Build established: Mutant 15645 | -8/Materials | Build established: Tank 17185 | -8/Materials | Entered Factory 17185 | -7/Factory | Evolved 2 slots: Propulsion x1, Utility x1 17187 | -7/Factory | Loaded intel: 94 trap records 17326 | -7/Factory | Central database locked down 17327 | -7/Factory | Discovered new exit (range 5) 17406 | -7/Factory | Discovered new exit (range 15) 17498 | -7/Factory | Discovered new exit (range 15) 17503 | -7/Factory | Build established: Sprinter 17738 | -7/Factory | Identified exit to Storage 17738 | -7/Factory | Identified exit to Lower Caves 17820 | -7/Factory | Learned location of Zion (-6) 17881 | -7/Factory | Learned Extension trap positions 17932 | -7/Factory | Identified exit to Factory 18002 | -7/Factory | Learned Hub_04(d) emergency access door positions 18020 | -7/Factory | Learned 2 Extension zone layouts 18083 | -7/Factory | Learned 4 Upper Caves zone layouts 18340 | -7/Factory | Build established: Mutant 18925 | -7/Factory | Entered Lower Caves 18926 | -7/Lower Caves | Learned Factory emergency access door positions 18932 | -7/Lower Caves | Encountered a Warlord checkpoint 19978 | -7/Lower Caves | Attracted the attention of an 0b10 checkpoint 20091 | -7/Lower Caves | Discovered new exit (range 9) 20120 | -7/Lower Caves | Build established: Sprinter 20131 | -7/Lower Caves | Learned 4 Factory zone layouts 20144 | -7/Lower Caves | Identified exit to Lower Caves 20144 | -7/Lower Caves | Entered another Lower Caves area 20147 | -7/Lower Caves | Discovered exit to Factory (range 5) 20177 | -7/Lower Caves | Spotted B-75 Beast 20182 | -7/Lower Caves | Encountered a Warlord checkpoint 20191 | -7/Lower Caves | Learned Factory terminal intel 20363 | -7/Lower Caves | Attracted the attention of an 0b10 checkpoint 20368 | -7/Lower Caves | Discovered new exit (range 11) 20371 | -7/Lower Caves | Identified exit to Data Miner 20393 | -7/Lower Caves | Entered Data Miner 20393 | -7/Data Miner | Discovered new exit (range 6) 20398 | -7/Data Miner | Met Data Miner 20403 | -7/Data Miner | Learned location of Section 7 (-2) 20403 | -7/Data Miner | Acquired the access code to Warlord's prototype stash 20407 | -7/Data Miner | Received God Mode back door access code from Data Miner 20414 | -7/Data Miner | Identified exit to Proximity Caves 20415 | -7/Data Miner | Entered Proximity Caves 20432 | -6/Proximity Caves | Learned Factory stockpile data 20438 | -6/Proximity Caves | Learned Factory emergency access door positions 20462 | -6/Proximity Caves | Ambushed by research squad 20557 | -6/Proximity Caves | Core integrity fell below 50% 20590 | -6/Proximity Caves | Lost 6 parts (4n1u1w) 20837 | -6/Proximity Caves | Build established: Mutant 21294 | -6/Proximity Caves | Discovered exit to Factory (range 10) 21309 | -6/Proximity Caves | Entered Factory 21309 | -6/Factory | Evolved 2 slots: Propulsion x1, Utility x1 21310 | -6/Factory | Identified exit to Factory 21311 | -6/Factory | Loaded intel: 82 trap records 21314 | -6/Factory | Loaded intel: 26 terminal locations 22373 | -6/Factory | Lost 4 parts (1p2n1w) 22397 | -6/Factory | Discovered new exit (range 11) 22611 | -6/Factory | Identified exit to Lower Caves 22613 | -6/Factory | Entered Lower Caves 23155 | -6/Lower Caves | Attracted the attention of an 0b10 checkpoint 23850 | -6/Lower Caves | Discovered new exit (range 7) 23858 | -6/Lower Caves | Identified exit to Lower Caves 23881 | -6/Lower Caves | Learned 8 Factory zone layouts 23903 | -6/Lower Caves | Learned Factory trap positions 24005 | -6/Lower Caves | Encountered a Warlord checkpoint 24481 | -6/Lower Caves | Entered a destroyed Warlord outpost 26811 | -6/Lower Caves | Entered another Lower Caves area 27195 | -6/Lower Caves | Attracted the attention of an 0b10 checkpoint 27653 | -6/Lower Caves | Build established: Gladiator 27708 | -6/Lower Caves | Discovered new exit (range 7) 28888 | -6/Lower Caves | Build established: Gunner 29477 | -6/Lower Caves | Build established: Tank 30617 | -6/Lower Caves | Build established: Gunner 31054 | -6/Lower Caves | Build established: Tank 31472 | -6/Lower Caves | Build established: Gunner 32707 | -6/Lower Caves | Build established: Tank 36089 | -6/Lower Caves | Build established: Gunner 38114 | -6/Lower Caves | Identified exit to Zion 39509 | -6/Lower Caves | Build established: Scout 41276 | -6/Lower Caves | Build established: Tank 41827 | -6/Lower Caves | Build established: Gunner 45568 | -6/Lower Caves | Build established: Tank 46043 | -6/Lower Caves | Build established: Derelict-Gunner 46518 | -6/Lower Caves | Build established: Gunner 49159 | -6/Lower Caves | Build established: Tank 50052 | -6/Lower Caves | Build established: Hacker-Skirmisher 50774 | -6/Lower Caves | Build established: Mutant 53814 | -6/Lower Caves | Build established: Gunner 56132 | -6/Lower Caves | Build established: Tank 56588 | -6/Lower Caves | Build established: Hacker-Gunner 57253 | -6/Lower Caves | Build established: Derelict-Tank 57918 | -6/Lower Caves | Build established: Tank 57968 | -6/Lower Caves | Entered Zion 57985 | -6/Zion | Discovered new exit (range 15) 58008 | -6/Zion | Found Unknown Piercing Weapon 58103 | -6/Zion | Learned Factory garrison access intel 58803 | -6/Zion | Met Imprinter 59305 | -6/Zion | Build established: Derelict-Skirmisher 59677 | -6/Zion | Entered Proximity Caves 59685 | -5/Proximity Caves | Build established: Hacker-Gunner 59708 | -5/Proximity Caves | Core integrity fell below 50% 59849 | -5/Proximity Caves | Lost 3 parts (1n2u) 60142 | -5/Proximity Caves | Build established: Hacker-Tank 60446 | -5/Proximity Caves | Build established: Tank 60597 | -5/Proximity Caves | Attracted the attention of an 0b10 checkpoint 60740 | -5/Proximity Caves | Learned Factory security intel 60909 | -5/Proximity Caves | Build established: Mutant 60970 | -5/Proximity Caves | Discovered exit to Factory (range 7) 60974 | -5/Proximity Caves | Entered Factory 60974 | -5/Factory | Evolved 2 slots: Power x1, Utility x1 60975 | -5/Factory | Identified exit to Upper Caves 60975 | -5/Factory | Identified exit to Extension 60977 | -5/Factory | Loaded intel: 74 trap records 60980 | -5/Factory | Loaded intel: 4 garrison access locations 61040 | -5/Factory | Discovered new exit (range 18) 61193 | -5/Factory | Fabricated B-60 Warrior (x3) 61280 | -5/Factory | Fabricated Mass Driver? 61305 | -5/Factory | Entered Extension 61305 | -5/Extension | Accompanied by 3 allies 61307 | -5/Extension | Loaded intel: 23 trap records 61514 | -5/Extension | Rescued a captive Derelict 61525 | -5/Extension | Rescued a captive Derelict 61555 | -5/Extension | Rescued a captive Derelict 61591 | -5/Extension | Rescued a captive Derelict 61592 | -5/Extension | Rescued a captive Derelict 61669 | -5/Extension | Lost 3 allies 61682 | -5/Extension | Rescued a captive Derelict 61683 | -5/Extension | Rescued a captive Derelict 61800 | -5/Extension | Build established: Commander-Mutant 62097 | -5/Extension | Spotted B-75 Beast 62104 | -5/Extension | Identified CR-A16's Pointy Stick 62110 | -5/Extension | Spotted B-75 Beast 62135 | -5/Extension | Allies destroyed B-75 Beast 62147 | -5/Extension | Revealed the true nature of CR-A16's Pointy Stick 62150 | -5/Extension | Destroyed B-75 Beast 62174 | -5/Extension | Lost 5 allies 62181 | -5/Extension | Lost 3 parts (1p2u) 62333 | -5/Extension | Rescued a captive Derelict 62478 | -5/Extension | Rescued a captive Derelict 62478 | -5/Extension | Rescued a captive Derelict 62572 | -5/Extension | Rescued a captive Derelict 62599 | -5/Extension | Rescued a captive Derelict 62654 | -5/Extension | Build established: Tank 65485 | -5/Extension | Build established: Mutant 67461 | -5/Extension | Build established: Gunner 68126 | -5/Extension | Build established: Tank 69456 | -5/Extension | Build established: Gunner 69874 | -5/Extension | Build established: Tank 71375 | -5/Extension | Build established: Mutant 72287 | -5/Extension | Build established: Tank 75392 | -5/Extension | Rescued A7 76600 | -5/Extension | Build established: Infiltrator-Tank 76999 | -5/Extension | Build established: Tank 77341 | -5/Extension | Build established: Gunner 77854 | -5/Extension | Build established: Tank 78538 | -5/Extension | Build established: Mutant 79412 | -5/Extension | Build established: Tank 86651 | -5/Extension | Build established: Gunner 87126 | -5/Extension | Build established: Tank 87696 | -5/Extension | Build established: Gunner 88323 | -5/Extension | Build established: Tank 91914 | -5/Extension | Build established: Gunner 92465 | -5/Extension | Build established: Mutant 95420 | -5/Extension | Discovered new exit (range 10) 95421 | -5/Extension | Discovered new exit (range 6) 95499 | -5/Extension | Entered Cetus 95499 | -5/Cetus | Accompanied by 11 allies (A7) 95504 | -5/Cetus | Acquired a Cetus Manufacturing Module code from A7 95528 | -5/Cetus | Spotted Cetus Guard 95528 | -5/Cetus | Spotted Cetus Guard 95529 | -5/Cetus | Allies destroyed Cetus Guard 95529 | -5/Cetus | Spotted Cetus Guard 95533 | -5/Cetus | Spotted Cetus Guard 95535 | -5/Cetus | Allies destroyed Cetus Guard 95561 | -5/Cetus | Allies destroyed Cetus Guard 95565 | -5/Cetus | Destroyed Cetus Guard 95589 | -5/Cetus | Lost 7 allies 95647 | -5/Cetus | Discovered new exit (range 15) 95677 | -5/Cetus | Started Cetus Manufacturing Module 95702 | -5/Cetus | Manufactured an Enhanced Grunt 95727 | -5/Cetus | Manufactured an Enhanced Grunt 95752 | -5/Cetus | Manufactured an Enhanced Grunt 95777 | -5/Cetus | Manufactured an Enhanced Grunt 95802 | -5/Cetus | Manufactured an Enhanced Grunt 95817 | -5/Cetus | Discovered new exit (range 16) 95924 | -5/Cetus | Escorted A7 to Cetus Mainframe 95934 | -5/Cetus | Spotted Cetus Guard 95934 | -5/Cetus | Spotted Cetus Guard 95935 | -5/Cetus | Spotted Cetus Guard 95945 | -5/Cetus | Allies destroyed Cetus Guard 95947 | -5/Cetus | Allies destroyed Cetus Guard 95952 | -5/Cetus | Allies destroyed Cetus Guard 95999 | -5/Cetus | Found Prototype Device 95999 | -5/Cetus | Identified Exp. Thermal Shield 96043 | -5/Cetus | Entered Archives 96043 | -5/Archives | Accompanied by 3 allies (A7) 96048 | -5/Archives | Received a hacking code to weaken MAIN.C 96137 | -5/Archives | Discovered new exit (range 16) 96153 | -5/Archives | Discovered new exit (range 15) 96180 | -5/Archives | Unable to access archive contents 96184 | -5/Archives | Discovered new exit (range 14) 96198 | -5/Archives | Build established: Scavenger-Mutant 96599 | -5/Archives | Entered Hub_04(d) 96599 | -5/Hub_04(d) | Accompanied by 1 ally 97130 | -5/Hub_04(d) | Found Prototype Launcher 97131 | -5/Hub_04(d) | Identified Tesla Bomb Launcher 97136 | -5/Hub_04(d) | Found Tesla Bomb Launcher 97213 | -5/Hub_04(d) | Spotted B-75 Beast 97249 | -5/Hub_04(d) | Discovered new exit (range 6) 97284 | -5/Hub_04(d) | Network Hub disabled 97302 | -5/Hub_04(d) | Spotted Lightning 97303 | -5/Hub_04(d) | Spotted Lightning 97306 | -5/Hub_04(d) | Entered Factory 97306 | -4/Factory | Evolved 2 slots: Propulsion x1, Utility x1 97325 | -4/Factory | Lost 3 parts (1p1n1u) 97432 | -4/Factory | Spotted B-86 Titan 97438 | -4/Factory | Destroyed B-86 Titan 97440 | -4/Factory | Crushed by falling debris 97552 | -4/Factory | Sucked down chute 97552 | -4/Factory | Entered Waste 97553 | -4/Waste | Met a frightened Derelict 97569 | -4/Waste | Spotted C-40 Crusher 97571 | -4/Waste | Spotted C-40 Crusher 97575 | -4/Waste | Spotted C-40 Crusher 97576 | -4/Waste | Found Broken Point Singularity Launcher 97577 | -4/Waste | Spotted C-40 Crusher 97585 | -4/Waste | Spotted C-40 Crusher 97586 | -4/Waste | Discovered new exit (range 11) 97591 | -4/Waste | Entered Factory 97710 | -4/Factory | Watched by a mysterious "MATRIX" hacker 97778 | -4/Factory | Found Quantum Capacitor 98274 | -4/Factory | Discovered new exit (range 9) 98279 | -4/Factory | Entered Research 98279 | -3/Research | Evolved 2 slots: Utility x2 98443 | -3/Research | Discovered new exit (range 8) 98479 | -3/Research | Revision forces began assault on 0b10 98667 | -3/Research | Discovered new exit (range 5) 98675 | -3/Research | Identified exit to Armory 98687 | -3/Research | Discovered new exit (range 16) 98694 | -3/Research | Identified exit to Testing 98769 | -3/Research | Fabricated Enh. Nova Cannon? 98931 | -3/Research | Entered Testing 99006 | -3/Testing | Fabricated M-36 Artificer? 99052 | -3/Testing | Fabricated Imp. Quantum Reactor (x1) 99071 | -3/Testing | Found Exp. ECM Suite 99366 | -3/Testing | Repaired Adv. KE Penetrator? 99503 | -3/Testing | Found Med. Regenerative Plating 99507 | -3/Testing | Found Prototype Protection 99527 | -3/Testing | Build established: Hacker-Mutant 99600 | -3/Testing | Found Prototype Hackware 99600 | -3/Testing | Identified System Mapper 99899 | -3/Testing | Repaired Adv. KE Penetrator? 100149 | -3/Testing | Found Prototype Energy Cannon 100149 | -3/Testing | Identified Disintegrator 100493 | -3/Testing | Spotted PY-J0K8JT0ZFM 100650 | -3/Testing | System corruption reached 10% 100734 | -3/Testing | Discovered new exit (range 13) 100745 | -3/Testing | Found Prototype Energy Gun 100753 | -3/Testing | Entered Research 100753 | -2/Research | Evolved 2 slots: Utility x2 100780 | -2/Research | Lost 19 parts (2p9n6u2w) 100840 | -2/Research | Identified Warp Gun 100842 | -2/Research | Identified SHELL Armor 100995 | -2/Research | Build established: Mutant 101023 | -2/Research | Allied Derelicts emerged from ambush trap array 101099 | -2/Research | Spotted B-90 Cyclops 101286 | -2/Research | Lost 3 parts (2p1w) 101321 | -2/Research | Fabricated Point Singularity Launcher? 101548 | -2/Research | Build established: Scavenger-Mutant 101574 | -2/Research | Cargo convoy interrupted 101614 | -2/Research | Released all parts (13) 101645 | -2/Research | Lost 7 parts (1p1n2u3w) 101678 | -2/Research | Spotted B-90 Cyclops 101708 | -2/Research | Core integrity fell below 50% 101734 | -2/Research | Core integrity fell below 20% 101737 | -2/Research | Destroyed by H-81 Overseer with Heavy Linear Accelerator Last Messages --------------- 01626_ Particle Synthesizer disabled. 01629_ K-01 Serf collects debris. 01640_ ALERT: Garrison Access compromised, dispatching multiple assault carriers. 01643_ System corrupted: Matter fused (-6). 01656_ Acquired Xenon Bombardment Thruster. 01669_ System corrupted: Xenon Bombardment Thruster rejected. 01669_ Acquired Xenon Bombardment Thruster. 01670_ Slug penetrates Wall. 01678_ R-10 Processor destroyed. 01682_ Subatomic Condenser disabled. 01694_ Xenon Bombardment Thruster destroyed. 01704_ K-01 Serf collects debris. 01713_ S-43 Plague destroyed. 01725_ ALERT: Potential suspicious activity detected, Programmers report to Research Zone 3A. 01734_ Knocked back. 01738_ Penetrated by Slug. Map ----- +----------------------------------------------------+ | | | | | | | | | | | | | | | | | | | | | | | ##???????????????????????????????????????????????? | | #???????????????????????????????????????????????? | | #???????????????????????????????????????????????? | | #???????????????????????????????????????????????? | | #???????????????????????????????????????????????? | | +#####+#########?????????##+#????????????????????? | | ????????? #????????????????????? | | ????????# #????????????????????? | | ????????+ #????????????????????? | | ????????# #????????????????????? | | ###+##??# #??????????????##+#??? | | #??# #??????????????# ### | | #??#% #??????????????# | | #??# #??????????????# # | | #??#@ #??????????????# # | | #?## ##????##+####### # | | ##### #?#s ##### % # | | #???# ###s # | | #???# s %H # | | #??????#### %### " | | #?????????# ###"##?# # T## + | | #?????????# ## ?### ######?##+########### # | | #?????????# ## #??? #???????????????????# # | | #?????????# ## #??? #???????????????????# # | | ########### ## #??? #???????????????????# # | | # # ## #??? #??????????????????## # | | # # ## #??? #??????############# | | # """ # ## +??? | | + """ # ## #???+#???########## ##### | | # """ # ## #????????# #?# #???## # | | # + #######????????# #?# #????#^ | | # #### #??????????????# #?# #????# | | # #??# #??????????????# #?# #????# | | ###########??# #??????????????# #?# #????# | | #????????????# #??????????????# #?# #????# | | #????????????# ########????# #####+##### #????# | | #??????????### # #????# ![ ! #????# | | #??????????# # #????#+#####[#####+#####? | | #??????????# " / #??????????# # | !!= #? | +----------------------------------------------------+ Best States ------------- Heat Dissipation 147 Energy Generation 65 Energy Capacity 1150 Matter Stores 300 Matter Capacity 600 Sight Range 23 Robot Scan Range 20 Terrain Scan Range 20 Terrain Scan Density 1010 ECM Strength 3 Jamming Range 16 Cloak Strength 3 Power Amplification 40 Additional Mass Support 20 Base Temperature (-) 200 Corruption Block 20 Armor Coverage 1600 Resistance: KI 30 Resistance: TH 30 Resistance: EX 50 Resistance: EM 90 Core Shielding 40 Power Shielding 66 Propulsion Shielding 90 Utility Shielding 90 Weapon Shielding 90 Point Defense Rating 160 Weapon Cycling 20 Phase Shifting 5 Evasion (%) 73 Targeting Accuracy 20 Melee Accuracy 8 Launcher Accuracy 40 Target Analysis 8 Recoil Reduction 6 Matter Filtering 50 Energy Filtering 50 Particle Charging 25 Kinecelleration 40 Force Boost 40 Salvage Targeting 4 Offensive Hacking 32 Defensive Hacking 25 Item Schematics ----------------- Combat Drone Bay | -7/Data Miner | Free Lgt. Regenerative Plating | -7/Data Miner | Free Cld. Cesium-ion Thruster | -7/Data Miner | Free Gravity Neutralizer | -7/Data Miner | Free Shock Maul | -7/Data Miner | Free Arm. Medium Treads | -7/Data Miner | Free Adv. System Restoration Module | -7/Data Miner | Free Hyp. Gauss Cannon | -7/Data Miner | Free Remote Shield | -7/Data Miner | Free Enh. Gauss Cannon | -7/Data Miner | Free KE Penetrator | -7/Data Miner | Free Adv. Cryofiber Web | -7/Data Miner | Free Adv. KE Penetrator | -3/Testing | Scanalyzed Point Singularity Launcher | -3/Testing | Scanalyzed Exp. ECM Suite | -3/Testing | Scanalyzed Quantum Capacitor | -3/Testing | Scanalyzed Centrium Medium Armor Plating | -3/Testing | Scanalyzed Enh. Force Rifle | -3/Testing | Archive Proton Burst Cannon | -3/Testing | Archive Robot Schematics ------------------ H-66 Slayer | -7/Data Miner | Free R-10 Processor | -7/Data Miner | Free M-14 Sweeper | -7/Data Miner | Free S-27 Virus | -7/Data Miner | Free H-77 Assassin | -3/Testing | Archive Fabricated ------------ B-60 Warrior | x3 | -5/Factory | Preloaded Mass Driver | x2 | -5/Factory | Preloaded Enh. Nova Cannon | x2 | -3/Research | Preloaded M-36 Artificer | x1 | -3/Testing | Preloaded Imp. Quantum Reactor | x1 | -3/Testing | Preloaded Point Singularity Launcher | x1 | -2/Research Repaired ---------- Adv. KE Penetrator | 4% | -3/Testing Adv. KE Penetrator | 3% | -3/Testing Studied --------- Cmb. Gravmag System | -4/Factory | Hacked Gyrokinetic Inverter | -4/Factory | Hacked Antigrav Array | -3/Testing | Hacked Lgt. Particle Reactor | -3/Testing | Hacked Imp. Antigrav System | -3/Testing | Hacked Alien Tech Used ----------------- None Achievements -------------- A Problem For Future Me Ew, Corruption Fancy Inventory I Laugh At Your Crits Immobile And Lovin' It Into The Breach Item+ Live, Flee, And Rebuild Spot Them First The Robot, The Myth, The Legend Thread The Needle Around The Corner Throw Away The Key Challenges ------------ None Game ------ Seed MetamassRingRifle Manual? 0 Play Time 08:22:43 Cumulative 691.9 hours Start 2026.07.01 @ 16:57:14 End 2026.07.03 @ 02:56:24 Sessions 3 Manual Loads 0 Difficulty Rogue Special Mode None Game No. 232 Rogue 228 Adventurer 4 Explorer 0 Win Type - Total 21 Types 9/2/6/0/0/0/2/2/0/0 Lore% 57 Gallery% 71 Achievement% 48 Wizard Run 0 Options --------- Layout 1 ASCII 0 Keyboard 0 Movement Arrows Keybinds 0 Fullscreen 1 Font 40/SmallcapsGlow Map View 50x40 Zoom Use 0% Tactical HUD 1 Map Filters NONE Filters NONE Steam 1 RUN: 9d9563c1-7c5a-429c-ab5f-63e9ec9b7455